BSA
CHICAGO MACHINE @ NASHVILLE G-STRINGS
03/01/2028
 
TOP OF THE 1ST
Chicago Machine batting - Pitching for Nashville G-Strings : LHP Matt Parker
Pitching: LHP Matt Parker
Batting: RHB Nick Harris 0-0: Foul Ball, location: 2F
0-1: Ball
1-1: Swinging Strike
1-2: Foul Ball, location: 2F
1-2: Strikes out swinging
Batting: SHB Joaquín López 0-0: SOLO HOME RUN (Flyball, 7LD), Distance : 350 ft
Batting: RHB Doug Stephens 0-0: Ball
1-0: SINGLE (Line Drive, 7LS)
Batting: SHB José Alomar 0-0: Ball
1-0: Ball
2-0: Foul Ball, location: 2F
2-1: Called Strike
2-2: Ball
3-2: Base on Balls
Doug Stephens to second
Batting: RHB Roberto Tobías 0-0: Ball
1-0: DOUBLE (Groundball, 3L)
Doug Stephens scores
José Alomar to third
Batting: LHB Fernando Ortíz 0-0: Foul Ball, location: 2F
0-1: Ball
1-1: Ball
2-1: Fly out, F9 (Flyball, 9)
Batting: RHB Lorenzo Guzmán 0-0: Fly out, F8 (Flyball, 8RD)
Top of the 1st over - 2 run(s), 3 hit(s), 0 error(s), 2 left on base; Chicago 2 - Nashville 0
BOTTOM OF THE 1ST
Nashville G-Strings batting - Pitching for Chicago Machine : RHP Rod Day
Pitching: RHP Rod Day
Batting: SHB Ricardo Arévalo 0-0: Ball
1-0: Foul Ball, location: 2F
1-1: Ball
2-1: SINGLE (Groundball, 4D)
Batting: RHB Will Brown 0-0: Ball
1-0: Foul Ball, location: 2F
1-1: Called Strike
1-2: Ball
2-2: Ball
3-2: Foul Ball, location: 2F
3-2: DOUBLE (Flyball, 9D)
Ricardo Arévalo to third
Batting: LHB Mike Callahan 0-0: Ball
1-0: Ball
2-0: Called Strike
2-1: Ball
3-1: DOUBLE (Line Drive, 9D)
Ricardo Arévalo scores
Will Brown scores
Batting: SHB Jorge Flores 0-0: Ball
1-0: Swinging Strike
1-1: Called Strike
1-2: Foul Ball, location: 2F
1-2: Foul Ball, location: 2F
1-2: Ball
2-2: Foul Ball, location: 2F
2-2: Fly out, F7 (Flyball, 7D)
Runner from 2nd tags up, SAFE at 3rd, no throw
Batting: RHB Pablo Gonzáles 0-0: Foul Ball, location: 2F
0-1: Swinging Strike
0-2: Foul Ball, location: 2F
0-2: Strikes out swinging
Batting: RHB Eric Thompson 0-0: Called Strike
0-1: Foul Ball, location: 2F
0-2: Ground out 1-3 (Groundball, 15S)
Bottom of the 1st over - 2 run(s), 3 hit(s), 0 error(s), 1 left on base; Chicago 2 - Nashville 2
TOP OF THE 2ND
Chicago Machine batting - Pitching for Nashville G-Strings : LHP Matt Parker
Batting: RHB Gonzalo Gil 0-0: Ball
1-0: SINGLE (Groundball, 56D)
Batting: RHB Sam Wallace 0-0: Ball
1-0: Ball
2-0: Grounds into double play, 5-4-3 (Groundball, 5)
Batting: RHB Nick Harris 0-0: Ball
1-0: Ball
2-0: Swinging Strike
2-1: Ground out 4-3 (Groundball, 4)
Top of the 2nd over - 0 run(s), 1 hit(s), 0 error(s), 0 left on base; Chicago 2 - Nashville 2
BOTTOM OF THE 2ND
Nashville G-Strings batting - Pitching for Chicago Machine : RHP Rod Day
Batting: LHB John Horton 0-0: Ball
1-0: SINGLE (Line Drive, 78M)
Batting: SHB Martín Medina 0-0: Ball
1-0: Called Strike
1-1: Called Strike
1-2: Strikes out swinging
Batting: RHB Jesús Cabrera 0-0: Called Strike
John Horton is caught stealing 2nd base
0-1: Ball
1-1: Foul Ball, location: 2F
1-2: Ball
2-2: SINGLE (Groundball, 56) (infield hit)
Batting: SHB Ricardo Arévalo 0-0: Ball
Jesús Cabrera is caught stealing 2nd base
Bottom of the 2nd over - 0 run(s), 2 hit(s), 0 error(s), 0 left on base; Chicago 2 - Nashville 2
TOP OF THE 3RD
Chicago Machine batting - Pitching for Nashville G-Strings : LHP Matt Parker
Batting: SHB Joaquín López 0-0: Called Strike
0-1: Ball
1-1: Fly out, F4 (Line Drive, 4)
Batting: RHB Doug Stephens 0-0: Ball
1-0: Ball
2-0: Foul Ball, location: 2F
2-1: Ball
3-1: Base on Balls
Batting: SHB José Alomar 0-0: Foul Ball, location: 2F
0-1: Ball
1-1: SINGLE (Line Drive, 89S)
Doug Stephens to second
Batting: RHB Roberto Tobías 0-0: Ball
1-0: Fly out, F8 (Line Drive, 8LD)
Batting: LHB Fernando Ortíz 0-0: Ball
1-0: Foul Ball, location: 2F
1-1: Ball
2-1: Swinging Strike
2-2: Ball
3-2: Strikes out looking
Top of the 3rd over - 0 run(s), 1 hit(s), 0 error(s), 2 left on base; Chicago 2 - Nashville 2
BOTTOM OF THE 3RD
Nashville G-Strings batting - Pitching for Chicago Machine : RHP Rod Day
Batting: SHB Ricardo Arévalo 0-0: Foul Ball, location: 2F
0-1: Foul Ball, location: 2F
0-2: Ground out 6-3 (Groundball, 6)
Batting: RHB Will Brown 0-0: Swinging Strike
0-1: Ground out 5-3 (Groundball, 5D)
Batting: LHB Mike Callahan 0-0: Foul Ball, location: 2F
0-1: Ball
1-1: Ball
2-1: Foul Ball, location: 2F
2-2: Ball
3-2: Base on Balls
Batting: SHB Jorge Flores Pickoff Throw to First - Out!
Bottom of the 3rd over - 0 run(s), 0 hit(s), 0 error(s), 0 left on base; Chicago 2 - Nashville 2
TOP OF THE 4TH
Chicago Machine batting - Pitching for Nashville G-Strings : LHP Matt Parker
Batting: RHB Lorenzo Guzmán 0-0: Ball
1-0: Ball
2-0: SINGLE (Line Drive, 89M)
Batting: RHB Gonzalo Gil 0-0: Foul Ball, location: 2F
0-1: Fly out, F8 (Flyball, 8RS)
Batting: RHB Sam Wallace 0-0: Called Strike
0-1: Ball
1-1: Ball
2-1: Foul Ball, location: 2F
2-2: Foul Ball, location: 2F
2-2: Grounds into double play, 6-4-3 (Groundball, 6)
Top of the 4th over - 0 run(s), 1 hit(s), 0 error(s), 0 left on base; Chicago 2 - Nashville 2
BOTTOM OF THE 4TH
Nashville G-Strings batting - Pitching for Chicago Machine : RHP Rod Day
Batting: SHB Jorge Flores 0-0: Foul Ball, location: 2F
0-1: Ball
1-1: Ball
2-1: Called Strike
2-2: Ground out 6-3 (Groundball, 6)
Batting: RHB Pablo Gonzáles 0-0: Ball
1-0: Ground out 4-3 (Groundball, 4MS)
Batting: RHB Eric Thompson 0-0: Called Strike
0-1: Ball
1-1: Called Strike
1-2: SINGLE (Groundball, 2L) (infield hit)
Batting: LHB John Horton 0-0: Hit by Pitch
Eric Thompson to second
Batting: SHB Martín Medina 0-0: Ball
1-0: Ground out 3-1 (Groundball, 34)
Bottom of the 4th over - 0 run(s), 1 hit(s), 0 error(s), 2 left on base; Chicago 2 - Nashville 2
TOP OF THE 5TH
Chicago Machine batting - Pitching for Nashville G-Strings : LHP Matt Parker
Pitching: RHP Johnathan Phillips
Batting: RHB Nick Harris 0-0: Foul Ball, location: 2F
0-1: Ball
1-1: Ball
2-1: Ball
3-1: Base on Balls
Batting: SHB Joaquín López 0-0: SINGLE (Flyball, 89S)
Nick Harris to second
Runner from 2nd tries for 3rd, SAFE, throw made to third
Joaquín López to second
Batting: RHB Doug Stephens 0-0: Ball
1-0: Ball
2-0: Called Strike
2-1: SINGLE (Groundball, 6MD)
Nick Harris scores
Joaquín López to third
Batting: SHB José Alomar 0-0: Called Strike
0-1: Ball
1-1: Ball
2-1: Ball
3-1: Base on Balls
Doug Stephens to second
Batting: RHB Roberto Tobías 0-0: Ball
1-0: Ball
2-0: Fly out, F9 (Flyball, 89S)
Batting: LHB Fernando Ortíz 0-0: Called Strike
0-1: Foul Ball, location: 2F
0-2: Strikes out swinging
Batting: RHB Lorenzo Guzmán 0-0: Ball
1-0: Ball
2-0: Fly out, F7 (Line Drive, 78M)
Top of the 5th over - 1 run(s), 2 hit(s), 0 error(s), 3 left on base; Chicago 3 - Nashville 2
BOTTOM OF THE 5TH
Nashville G-Strings batting - Pitching for Chicago Machine : RHP Rod Day
Pitching: RHP Shiki Kanno
Batting: RHB Jesús Cabrera 0-0: SINGLE (Groundball, 6MD)
Batting: SHB Ricardo Arévalo 0-0: Called Strike
0-1: Foul Ball, location: 2F
0-2: Ball
1-2: Ball
2-2: Ball
3-2: Base on Balls
Jesús Cabrera to second
Batting: RHB Will Brown 0-0: Called Strike
0-1: Fly out, F9 (Line Drive, 89S)
Batting: LHB Mike Callahan 0-0: Ball
1-0: Foul Ball, location: 2F
1-1: Ball
2-1: Called Strike
2-2: Foul Ball, location: 2F
2-2: Grounds out, U3 (Groundball, 3L)
Jesús Cabrera to third
Batting: SHB Jorge Flores 0-0: Ball
1-0: Ball
2-0: Ball
3-0: Called Strike
3-1: Base on Balls
Batting: RHB Pablo Gonzáles 0-0: Swinging Strike
0-1: Fielders Choice at 2nd, 6-4 (Groundball, 6)
Bottom of the 5th over - 0 run(s), 1 hit(s), 0 error(s), 2 left on base; Chicago 3 - Nashville 2
TOP OF THE 6TH
Chicago Machine batting - Pitching for Nashville G-Strings : RHP Johnathan Phillips
Batting: RHB Gonzalo Gil 0-0: Ball
1-0: Ball
2-0: Called Strike
2-1: Fly out, F5 (Line Drive, 56)
Batting: RHB Sam Wallace 0-0: Ball
1-0: Ball
2-0: Foul Ball, location: 2F
2-1: Swinging Strike
2-2: Strikes out swinging
Pinch Hitting: LHB Bernardo Montés 0-0: Ground out 4-3 (Groundball, 4M)
Top of the 6th over - 0 run(s), 0 hit(s), 0 error(s), 0 left on base; Chicago 3 - Nashville 2
BOTTOM OF THE 6TH
Nashville G-Strings batting - Pitching for Chicago Machine : RHP Shiki Kanno
Now in LF: Bernardo Montés
Batting: RHB Eric Thompson 0-0: Ball
1-0: Called Strike
1-1: Foul Ball, location: 2F
1-2: Strikes out swinging
Batting: LHB John Horton 0-0: Ball
1-0: Called Strike
1-1: SINGLE (Groundball, 4MD)
Batting: SHB Martín Medina 0-0: Foul Ball, location: 2F
0-1: Ball
1-1: Called Strike
1-2: Fly out, F8 (Flyball, 8LM)
Batting: RHB Jesús Cabrera 0-0: Ball
1-0: Ground out 5-3 (Groundball, 56S)
Bottom of the 6th over - 0 run(s), 1 hit(s), 0 error(s), 1 left on base; Chicago 3 - Nashville 2
TOP OF THE 7TH
Chicago Machine batting - Pitching for Nashville G-Strings : RHP Johnathan Phillips
Pitching: RHP Manny Canseco
Pinch Hitting: LHB Tanyu Imai 0-0: Ball
1-0: Ball
2-0: Ball
3-0: Called Strike
3-1: Base on Balls
Batting: RHB Doug Stephens 0-0: Called Strike
0-1: Ball
1-1: DOUBLE (Line Drive, 89D)
Tanyu Imai to third
Pinch Hitting: RHB Will Lott 0-0: Swinging Strike
0-1: Called Strike
0-2: Ground out 6-3 (Groundball, 56)
Pinch Hitting: SHB Lee Townsend 0-0: Ball
1-0: Ground out 4-3 (Groundball, 4S)
Pitching: LHP Rubén Martínez
Pinch Hitting: RHB Alden Isenhood 0-0: Ground out 6-3 (Groundball, 6)
Top of the 7th over - 0 run(s), 1 hit(s), 0 error(s), 2 left on base; Chicago 3 - Nashville 2
BOTTOM OF THE 7TH
Nashville G-Strings batting - Pitching for Chicago Machine : RHP Shiki Kanno
Now at 2B: Alden Isenhood
Now in LF: Tanyu Imai
Now in CF: Arturo García
Now in RF: Lee Townsend
Pinch Hitting: LHB George Smith 0-0: Ball
1-0: Ball
2-0: Foul Ball, location: 2F
2-1: SINGLE (Flyball, 8LS)
Pinch Hitting: RHB Sergio Márquez 0-0: Ball
1-0: Called Strike
1-1: Called Strike
1-2: Foul Ball, location: 2F
1-2: Foul Ball, location: 2F
1-2: Ball
2-2: Fly out, F9 (Flyball, 9LS)
Batting: LHB Ramón Morales 0-0: Ball
1-0: Called Strike
1-1: Ball
2-1: Swinging Strike
2-2: Ball
3-2: Foul Ball, location: 2F
3-2: Grounds into double play, 4-6-3 (Groundball, 4)
Bottom of the 7th over - 0 run(s), 1 hit(s), 0 error(s), 0 left on base; Chicago 3 - Nashville 2
TOP OF THE 8TH
Chicago Machine batting - Pitching for Nashville G-Strings : LHP Rubén Martínez
Pitching: RHP António Benítez
Now at 2B: Sergio Márquez
Now in RF: George Smith
Batting: RHB Pablo Sandoval 0-0: Called Strike
0-1: Ball
1-1: Ball
2-1: Foul Ball, location: 2F
2-2: Ground out 5-3 (Groundball, 5)
Pinch Hitting: LHB Mark Vestal 0-0: Called Strike
0-1: Foul Ball, location: 2F
0-2: Ball
1-2: Foul Ball, location: 2F
1-2: Foul Ball, location: 2F
1-2: Strikes out swinging passed ball, reaches first!
Pinch Hitting: LHB José González 0-0: Ball
1-0: Called Strike
1-1: SINGLE (Flyball, 8LS)
Mark Vestal to second
Pitching: RHP Javier García
Batting: LHB Bernardo Montés 0-0: Swinging Strike
0-1: Ground out 4-3 (Groundball, 4M)
Mark Vestal to third
José González to second
Pitching: RHP Arthur Green
Batting: LHB Tanyu Imai 0-0: DOUBLE (Line Drive, 9D)
Mark Vestal scores
José González scores
Batting: RHB Doug Stephens 0-0: Called Strike
0-1: Ball
1-1: Ball
2-1: Called Strike
2-2: Foul Ball, location: 2F
2-2: Ball
3-2: Fly out, F7 (Flyball, 7D)
Top of the 8th over - 2 run(s), 2 hit(s), 0 error(s), 1 left on base; Chicago 5 - Nashville 2
BOTTOM OF THE 8TH
Nashville G-Strings batting - Pitching for Chicago Machine : RHP Shiki Kanno
Pitching: RHP Francisco Álvarez
Now at 3B: Jesús Ramírez
Now at SS: Luis Martínez
Pinch Hitting: RHB Javier Deleón 0-0: Ball
1-0: SINGLE (Flyball, 8RS)
Pinch Hitting: RHB Greg King 0-0: Ball
1-0: Ball
2-0: SINGLE (Groundball, 6D)
Javier Deleón to second
Pinch Hitting: RHB John Denton 0-0: Swinging Strike
0-1: Called Strike
0-2: Strikes out swinging
Batting: LHB John Horton 0-0: Ball
1-0: Ball
2-0: Called Strike
2-1: Fly out, F7 (Flyball, 7LS)
Pinch Hitting: RHB Juan Costello 0-0: SINGLE (Groundball, 34D)
Javier Deleón to third
Greg King to second
Runner from 3rd tries for Home, SAFE, no throw
Pinch Hitting: RHB Vicente Aguirre 0-0: Ground out 6-3 (Groundball, 6M)
Bottom of the 8th over - 1 run(s), 3 hit(s), 0 error(s), 2 left on base; Chicago 5 - Nashville 3
TOP OF THE 9TH
Chicago Machine batting - Pitching for Nashville G-Strings : RHP Arthur Green
Pitching: LHP Juan Espinosa
Now at 1B: Juan Costello
Now at 2B: Javier Deleón
Now at SS: Greg King
Now in CF: Hunter Plunket
Now in RF: John Denton
Batting: RHB Arturo García 0-0: Ball
1-0: Called Strike
1-1: Ball
2-1: Called Strike
2-2: Strikes out looking
Pitching: RHP Arturo Leal
Batting: SHB Lee Townsend 0-0: Called Strike
0-1: Foul Ball, location: 2F
0-2: Foul Ball, location: 2F
0-2: SOLO HOME RUN (Flyball, 89XD), Distance : 414 ft
Batting: RHB Alden Isenhood 0-0: Ball
1-0: Ball
2-0: Ball
3-0: Called Strike
3-1: Base on Balls
Batting: RHB Pablo Sandoval 0-0: Ball
Alden Isenhood is caught stealing 2nd base
1-0: Foul Ball, location: 2F
1-1: TRIPLE (Line Drive, 8RM)
Batting: SHB Jesús Ramírez 0-0: Called Strike
0-1: Ball
1-1: Foul Ball, location: 2F
1-2: Ball
2-2: Ball
3-2: Ground out 4-3 (Groundball, 4)
Top of the 9th over - 1 run(s), 2 hit(s), 0 error(s), 1 left on base; Chicago 6 - Nashville 3
BOTTOM OF THE 9TH
Nashville G-Strings batting - Pitching for Chicago Machine : RHP Francisco Álvarez
Pitching: RHP Víctor Reyes
Batting: LHB George Smith 0-0: Ball
1-0: SOLO HOME RUN (Flyball, 9D), Distance : 379 ft
Batting: RHB Sergio Márquez 0-0: Ball
1-0: Called Strike
1-1: Ball
2-1: Swinging Strike
2-2: Foul Ball, location: 2F
2-2: Reached on error, E5 (Groundball, 56)
Batting: LHB Ramón Morales 0-0: Called Strike
0-1: Ball
1-1: Fielders Choice at 2nd, 3-6 (Groundball, 3)
Batting: RHB Javier Deleón 0-0: Called Strike
0-1: Swinging Strike
0-2: Foul Ball, location: 2F
0-2: Ball
1-2: Foul Ball, location: 2F
1-2: Ground out 5-3 (Groundball, 5S)
Ramón Morales to second
Batting: RHB Greg King 0-0: Foul Ball, location: 2F
0-1: Ball
1-1: Ball
2-1: Ball
3-1: Called Strike
3-2: Fly out, F5 (Line Drive, 5S)
Bottom of the 9th over - 1 run(s), 1 hit(s), 1 error(s), 1 left on base; Chicago 6 - Nashville 4
Tuesday, August 8th, 2017 - OOTP Baseball 17.12 Build 75